 Dungeon Crawl Stone Soup version 0.25.1-8-g42b30a86e7 (webtiles) character file.

Game seed: 5312903741181154162

1400 Clowwww the Chopper (level 8, -7/61 HPs)
             Began as a Demonspawn Fighter on Dec 20, 2020.
             Was an Initiate of Trog.
             Killed from afar by an electric eel (9 damage)
             ... with a bolt of electricity
             ... on level 6 of the Dungeon.
             The game lasted 00:09:04 (5065 turns).

Clowwww the Chopper (Demonspawn Fighter)            Turns: 5065, Time: 00:09:05

Health: -7/61      AC: 13    Str: 20    XL:     8   Next: 41%
Magic:  8/8        EV:  8    Int:  9    God:    Trog [......]
Gold:   226        SH: 10    Dex: 12    Spells: 7/7 levels left

rFire    . . .     SeeInvis .   a - +0 war axe
rCold    . . .     Gourm    .   c - +0 kite shield
rNeg     . . .     Faith    .   b - +0 scale mail
rPois    .         Spirit   .   (no helmet)
rElec    .         Reflect  .   p - +2 cloak
rCorr    .         Harm     .   (no gloves)
MR       .....                  (no boots)
Stlth    +.........             (no amulet)
HPRegen  0.20/turn              (no ring)
MPRegen  0.11/turn              (no ring)

@: mighty
A: claws 1, icy blue scales 2, demonic guardian 1, nightstalker 1
a: Renounce Religion


You were on level 6 of the Dungeon.
You worshipped Trog.
Trog was noncommittal.
You were not hungry.

You visited 2 branches of the dungeon, and saw 7 of its levels.

You collected 226 gold pieces.

Inventory:

Hand Weapons
 a - a +0 war axe (weapon)
Missiles
 o - 5 javelins (quivered)
Armour
 b - a +0 scale mail (worn)
 c - a +0 kite shield (worn)
 p - a +2 cloak (worn)
Jewellery
 h - an uncursed amulet of reflection {unknown}
 r - an uncursed ring of protection from fire
Wands
 m - a wand of acid (12)
 x - a wand of iceblast (10)
Scrolls
 i - a scroll of immolation
 k - a scroll of blinking
 l - 4 scrolls of remove curse
 v - a scroll of fear
Potions
 d - a potion of might
 j - 3 potions of stabbing
 n - 2 potions of lignification
 q - 2 potions of heal wounds {unknown}
 s - 3 potions of haste {unknown}
 t - 4 potions of curing {unknown}
 w - a potion of ambrosia {unknown}
 A - a potion of brilliance {unknown}
Comestibles
 f - 6 rations
 z - 2 chunks of flesh


   Skills:
 + Level 4.6 Fighting
 + Level 6.2 Axes
 + Level 1.6 Throwing
 + Level 4.8 Armour
 + Level 2.2 Dodging
 + Level 0.1 Stealth
 + Level 4.8 Shields


You had 7 spell levels left.
You didn't know any spells.
Your spell library contained the following spells:

 Spells                   Type           Power        Failure   Level  Hunger
 Animate Skeleton         Necr           N/A          99%         1    ##.....
 Apportation              Tloc           #.....       99%         1    ##.....
 Corona                   Hex            #......      99%         1    ##.....
 Summon Small Mammal      Summ           #...         99%         1    ##.....


Dungeon Overview and Level Annotations

Branches:
Dungeon (6/15)             Temple (1/1) D:5

Altars:
Cheibriados
Dithmenos
Elyvilon
Fedhas
Hepliaklqana
Kikubaaqudgha
Makhleb
Nemelex Xobeh
Okawaru
Qazlal
Ru
Sif Muna
Trog
Uskayaw
Vehumet
Wu Jian
Yredelemnul
The Shining One

Shops:
D:5 ?[


Innate Abilities, Weirdness & Mutations

You have sharp fingernails.
You are mostly covered in icy blue scales. (AC +3)
A weak demonic guardian rushes to your aid.
You are slightly more attuned to the shadows.


Message History

The electric eel completely resists.
Your shield and scale mail prevent you from hitting the electric eel.
You hit the plant but do no damage. You slash the electric eel!
The electric eel is almost dead.
You hit the plant but do no damage.
The electric eel shoots out a bolt of lightning at you!
The bolt of electricity hits you.
* * * LOW HITPOINT WARNING * * *
The bolt of electricity hits you!
* * * LOW HITPOINT WARNING * * *
The bolt of electricity hits the electric eel.
The electric eel completely resists.
You feel very mighty all of a sudden.
You hit the electric eel.
The electric eel is almost dead.
You hit the plant but do no damage.
The electric eel shoots out a bolt of lightning at you!
The bolt of electricity hits you!
You die...

.. .....≈ .#..
....#......P≈P≈≈≈≈
....#...#.......≈≈P≈≈≈
#..##.........P≈≈≈P≈≈≈
##...#..#......P≈≈≈≈P≈≈
.##....##≈......≈≈≈≈P≈≈
...............P≈;P≈≈≈≈
................@...#
....##..#####......##
...5###..# #.#.....#
....##>....##........#
.................≈...#
.........)......≈P♣..#
.....#..........≈P≈.##
....##....... ....# ..


You could see an electric eel.

Vanquished Creatures
  Menkaure (D:4)
  Purgy (D:3)
  A sky beast (D:6)
  2 ogres
  A phantom (D:5)
  A centaur (D:6)
  A howler monkey (D:5)
  2 crimson imps (D:5)
  3 hounds
  A jelly (D:6)
  An orc priest (D:3)
  2 orc wizards (D:4)
  Terence (D:3)
  An iguana (D:6)
  A worker ant (D:4)
  A killer bee zombie (D:5)
  9 adders
  3 oozes
  2 worms
  2 leopard geckos
  13 orcs
  3 giant cockroaches
  5 goblins
  6 hobgoblins
  11 jackals
  A quokka (D:5)
  2 ball pythons (D:3)
  2 bats
  3 kobolds
  A leopard gecko skeleton (D:4)
  4 rats
88 creatures vanquished.

Vanquished Creatures (collateral kills)
  2 bullfrogs (D:6)
  A howler monkey (D:4)
  A hound (D:4)
  2 orc priests (D:4)
  An orc wizard (D:6)
  An orc (D:4)
8 creatures vanquished.

Grand Total: 96 creatures vanquished

Notes
Turn   | Place    | Note
-------+----------+-------------------------------------------
     0 | D:1      | Clowwww the Demonspawn Fighter began the quest for the Orb.
     0 | D:1      | Reached XP level 1. HP: 18/18 MP: 1/1
   392 | D:1      | Gained mutation: You have sharp fingernails. [demonic
                  | ancestry]
   392 | D:1      | Reached XP level 2. HP: 24/24 MP: 2/2
   752 | D:2      | Reached skill level 2 in Axes
   772 | D:2      | Reached XP level 3. HP: 23/30 MP: 3/3
  1343 | D:3      | Found a stormy altar of Qazlal.
  1812 | D:3      | Gained mutation: You are slightly more attuned to the
                  | shadows. [demonic ancestry]
  1812 | D:3      | Reached XP level 4. HP: 37/37 MP: 4/4
  1879 | D:3      | Noticed Terence
  1895 | D:3      | Killed Terence
  2042 | D:3      | Reached XP level 5. HP: 42/42 MP: 5/5
  2254 | D:3      | Found a bloodstained altar of Trog.
  2405 | D:3      | Noticed Purgy
  2412 | D:3      | Killed Purgy
  2412 | D:3      | Reached skill level 3 in Axes
  2412 | D:3      | Reached skill level 1 in Throwing
  2412 | D:3      | Reached skill level 1 in Dodging
  2456 | D:4      | Noticed an ogre
  2462 | D:4      | Killed an ogre
  2462 | D:4      | Gained mutation: A weak demonic guardian rushes to your
                  | aid. [demonic ancestry]
  2462 | D:4      | Reached XP level 6. HP: 38/48 MP: 6/6
  2685 | D:4      | Reached skill level 4 in Axes
  3067 | D:4      | Gained mutation: You are partially covered in icy blue
                  | scales. (AC +2) [demonic ancestry]
  3067 | D:4      | Reached XP level 7. HP: 53/54 MP: 7/7
  3273 | D:4      | Noticed Menkaure
  3278 | D:4      | Killed Menkaure
  3383 | D:4      | You fall into a shaft and drop 2 floors!
  3412 | D:6      | Reached skill level 5 in Axes
  3805 | D:5      | Entered Level 5 of the Dungeon
  3878 | D:5      | Gained mutation: You are mostly covered in icy blue scales.
                  | (AC +3) [demonic ancestry]
  3878 | D:5      | Reached XP level 8. HP: 61/61 MP: 8/8
  3918 | D:5      | Found Xaloisia's Armour Emporium.
  3984 | D:5      | Found Qaiviudgh's Magic Scroll Shop.
  4011 | D:5      | Found a staircase to the Ecumenical Temple.
  4024 | Temple   | Entered the Ecumenical Temple
  4336 | D:3      | Became a worshipper of Trog the Wrathful
  4838 | D:5      | Reached skill level 6 in Axes
  5063 | D:6      | HP: 2/61 [electric eel/bolt of electricity (12)]
  5065 | D:6      | Killed from afar by an electric eel

Illustrated notes

Levels and vault maps discovered:
D:1:      minmay_arrival_nine_rooms, layout_basic
D:2:      layout_loops_ring
D:3:      layout_basic, overflow_temple_1_default, old_standard_altar,
          uniq_purgy, uniq_terence
D:4:      layout_loops_cross, uniq_menkaure
D:5:      layout_basic, minmay_temple_entry_glassed_door, first_ration,
          serial_shops, kennysheep_mini_moat, shop, kennysheep_dice
D:6:      layout_cave_pools, serial_bayou, serial_bayou_pond_e,
          serial_bayou_pond_e, serial_bayou_shore_b, serial_bayou_shore_a,
          eino_curves_02
Temple:   minmay_temple_bridge_d

Skill      XL: |  1  2  3  4  5  6  7  8 |
---------------+-------------------------+-----
Axes           | 2 3 4 5 6 |  6.2
Armour         | 3 4 |  4.8
Shields        | 3 4 |  4.8
Fighting       | 4 |  4.6
Throwing       | 1 |  1.6
Dodging        | 1 2 |  2.2
Stealth        | |  0.1

Action                   |  1- 3 |  4- 6 |  7- 9 || total
-------------------------+-------+-------+-------++-------
Melee: War axe           |    72 |   102 |   132 ||   306
Throw: Boomerang         |    16 |    14 |       ||    30
       Javelin           |       |     3 |     1 ||     4
  Use: Potion            |       |     1 |     1 ||     2
       Scroll            |       |       |     9 ||     9
  Eat: Chunk             |     2 |     5 |     7 ||    14
Armor: Scale mail        |    38 |    52 |    67 ||   157
Dodge: Dodged            |    22 |    40 |    46 ||   108
Block: Kite shield       |    35 |    46 |    86 ||   167
